 Dungeon Crawl Stone Soup version 0.18-a0-1140-g8540535 (webtiles) character file.

146 namelastname112 the Skirmisher (level 5, -5/46 HPs)
             Began as a Draconian Abyssal Knight on Jan 22, 2016.
             Was a Priest of Lugonu.
             Killed from afar by an orc wizard (12 damage)
             ... with a puff of frost
             ... on level 3 of the Dungeon.
             The game lasted 00:03:31 (1561 turns).

namelastname112 the Skirmisher (DrAK)               Turns: 1561, Time: 00:03:31

Health: -5/46      AC:  6    Str: 14    XL:     5   Next: 7%
Magic:  0/7        EV: 12    Int: 13    God:    Lugonu [***...]
Gold:   87         SH:  0    Dex: 11    Spells: 0 memorised, 4 levels left

rFire  . . .     SeeInvis .     e - +0 dagger (venom)
rCold  . . .     Gourm    .     (armour unavailable)
rNeg   . . .     Faith    .     (no shield)
rPois  .         Spirit   +     (helmet restricted)
rElec  .         Dismiss  .     (no cloak)
rCorr  .         Reflect  .     p - +0 pair of gloves (curse)
SustAt .         Harm     .     (no boots)
MR     +....                    n - amulet of guardian spirit (curse)
Stlth  +.........               (no ring)
                                f - ring of protection from magic

@: somewhat resistant to hostile enchantments, very unstealthy
A: unfitting armour, cold-blooded, AC +5
a: Depart the Abyss, Bend Space, Banish, Renounce Religion


You were on level 3 of the Dungeon.
You worshipped Lugonu.
Lugonu was most pleased with you.
You were not hungry.

You visited 1 branch of the dungeon, and saw 3 of its levels.
You visited the Abyss 1 time.

You collected 87 gold pieces.

Inventory:

Hand Weapons
 a - a +1 mace
 e - a +0 dagger of venom (weapon)
Armour
 p - a cursed +0 pair of gloves (worn)
Jewellery
 f - a ring of protection from magic (left hand)
 n - a cursed amulet of guardian spirit (around neck)
Wands
 s - a wand of polymorph (12/24)
Scrolls
 c - a scroll of enchant weapon {unknown}
 d - 3 scrolls of identify {unknown}
 j - a scroll of immolation {unknown}
 k - a scroll of fear {unknown}
 m - 2 scrolls of teleportation {unknown}
Potions
 g - a potion of mutation {unknown}
 i - a potion of haste {unknown}
 l - a potion of agility {unknown}
 r - a potion of heal wounds
 t - a potion of cure mutation {unknown}
 u - a potion of flight {unknown}
Books
 o - a book of the Warp

   Spells                             Type                      Level
   a - Recall                         Summoning/Translocation      3
   b - Gell's Gravitas                Hexes/Translocation          3
   c - Force Lance                    Conjuration/Translocation    4
   d - Phase Shift                    Translocation                5
   e - Warp Weapon                    Charms/Translocation         5
   f - Summon Forest                  Summoning/Translocation      5
Comestibles
 b - 2 bread rations
 h - 3 beef jerkies


   Skills:
 + Level 4.0 Fighting
 * Level 3.1 Maces & Flails
 + Level 2.9 Dodging
 * Level 3.8 Invocations


You had 4 spell levels left.
You didn't know any spells.

Dungeon Overview and Level Annotations

Branches:
Dungeon (3/15)

Altars:


Innate Abilities, Weirdness & Mutations

Your plain brown scales are hard (AC +5).
Your body does not fit into most forms of armour.
You are cold-blooded and may be slowed by cold attacks.


Message History

Drink which item? (? for menu, Esc to quit)
It was a potion of heal wounds.
You feel much better. Something hits you but does no damage.
You hear some strange, mumbled words.
A puff of flame appears from out of thin air!
The puff of flame hits you!
You miss something.
Your tail-slap misses something.
Something hits you but does no damage.
You miss something. Something hits you. Something hits you but does no damage.
You hit something but do no damage. Something hits you but does no damage.
You hit something but do no damage. You tail-slap something.
You hear some strange, mumbled words.
A puff of frost appears from out of thin air!
The puff of frost hits you!
* * * LOW HITPOINT WARNING * * *
You miss something.
You hear some strange, mumbled words.
A puff of frost appears from out of thin air!
The puff of frost hits you!
You die...

####### ########
#.....#
#.....<###.....#
#.####........$#
#####.....#
#.....# #.{@..#
###)### #)# #.#
#.# #.# #.# #.#
#.#


There were no monsters in sight!

Vanquished Creatures
  An orc priest (D:3)
  3 adders (D:2)
  4 worms (D:2)
  3 giant geckos (D:2)
  2 orcs (D:3)
  6 bats
  5 giant cockroaches
  11 goblins
  6 hobgoblins
  7 jackals (D:1)
  2 quokkas (D:2)
  2 ball pythons (D:2)
  4 giant newts
  5 kobolds
  7 rats
68 creatures vanquished.

Notes
Turn   | Place    | Note
--------------------------------------------------------------
     0 | Abyss:1  | namelastname112 the Draconian Abyssal Knight began the quest for the Orb.
     0 | Abyss:1  | Reached XP level 1. HP: 19/19 MP: 2/2
    64 | Abyss:1  | Noticed a raiju
    69 | D:1      | Escaped the Abyss
   133 | D:1      | Reached XP level 2. HP: 9/26 MP: 3/3
   536 | D:1      | Reached ** piety under Lugonu
   675 | D:1      | Reached XP level 3. HP: 22/31 MP: 5/5
  1093 | D:2      | Reached XP level 4. HP: 38/38 MP: 6/6
  1301 | D:2      | Reached *** piety under Lugonu
  1553 | D:3      | Reached skill level 4 in Fighting
  1553 | D:3      | Reached XP level 5. HP: 11/46 MP: 2/7
  1561 | D:3      | Killed from afar by an orc wizard

Vault maps used:
D:1:      lightli_arrival_lavapool, st_stairs_5

Action                   |  1- 3 |  4- 6 || total
-------------------------+-------+-------++-------
Melee: Mace              |    35 |       ||    35
       Dagger            |    96 |    92 ||   188
  Use: Potion            |     1 |     2 ||     3
  Eat: Chunk             |     1 |     1 ||     2
